 Dungeon Crawl Stone Soup version 0.31-a0-640-g39d97e502b (webtiles) character file.

Game seed: 4125339420138645118

20577 Edyrem the Tortoise (level 12, 0/75 HPs)
             Began as a Tengu Hunter on Aug 28, 2023.
             Was an Initiate of Gozag.
             Killed from afar by a rime drake (16 damage)
             ... with an icy flash freeze
             ... on level 2 of the Lair of Beasts.
             The game lasted 00:40:54 (9851 turns).

Edyrem the Tortoise (Tengu Hunter)                  Turns: 9851, Time: 00:40:55

Health: 0/75       AC: 18    Str: 17    XL:     12   Next: 80%
Magic:  13/13      EV: 19    Int:  9    God:    Gozag
Gold:   2008       SH:  0    Dex: 21    Spells: 9/11 levels left

rFire   + + .        a - +1 shortbow of Okawaru, Rescuing {freeze, +Blink rF++ rC- Str+3}
rCold   . . .        (shield currently unavailable)
rNeg    . . .        k - +5 scale mail
rPois   .            (helmet restricted)
rElec   .            t - +2 cloak
rCorr   +            (no gloves)
SInv    .            (boots unavailable)
Will    .....        e - amulet of regeneration
Stlth   +            q - ring of resist corrosion
HPRegen 1.12/turn    y - ring of protection from cold
MPRegen 0.13/turn

%: no passive effects
@: gold aura, flying quickly and evasively, quick
A: beak, talons 3, nimble flight
a: Renounce Religion, Evoke Blink, Potion Petition, Call Merchant, Bribe Branch


You were on level 2 of the Lair of Beasts.
You worshipped Gozag.
Gozag was most pleased with you.
You visited 3 branches of the dungeon, and saw 12 of its levels.
You also visited: Sewer and Volcano.

You collected 3316 gold pieces.
You spent 1278 gold pieces at shops.
You paid 30 gold pieces to Gozag.

Inventory:

Hand Weapons
 a - the +1 shortbow of Okawaru, Rescuing (weapon) {freeze, +Blink rF++ rC- Str+3}
   (You bought it in a shop on level 7 of the Dungeon)

   Str+3:     It affects your strength (+3).
   rF++:      It greatly protects you from fire.
   rC-:       It makes you vulnerable to cold.
   +Blink:    It lets you blink.
 b - the +11 hammer of Pain and Death {venom, Str+2}
   (You found it on level 5 of the Dungeon)

   Str+2:     It affects your strength (+2).
 d - the +7 hammer of Lawetsau {chaos, rC+ Int+3}
   (You found it on level 5 of the Dungeon)

   Int+3:     It affects your intelligence (+3).
   rC+:       It protects you from cold.
 m - a +3 dagger of venom
 w - a +3 trident of flaming
 F - a +0 demon whip of venom
 G - a +0 arbalest
Missiles
 s - 4 curare-tipped darts
 v - 34 poisoned darts
Armour
 c - a +0 leather armour
 k - a +5 scale mail (worn)
 t - a +2 cloak (worn)
Jewellery
 e - an amulet of regeneration (around neck)
 q - a ring of resist corrosion (left hand)
 y - a ring of protection from cold (right hand)
 z - a ring of ice
Wands
 n - a wand of charming (2)
 E - a wand of flame (17)
Scrolls
 i - a scroll of butterflies
 r - 2 scrolls of fear
 x - 2 scrolls of enchant weapon
 H - a scroll of immolation
Potions
 f - a potion of might
 g - 3 potions of curing {@q2}
 h - 2 potions of brilliance
 j - 2 potions of cancellation
 l - 4 potions of haste
 o - 2 potions of lignification
 p - 7 potions of enlightenment
 u - a potion of resistance {unknown}
 A - 2 potions of invisibility {unknown}
 B - a potion of heal wounds {@q1}
 D - 2 potions of magic


   Skills:
 + Level 8.5 Fighting
 * Level 13.3 Ranged Weapons
 + Level 15.3 Armour
 + Level 9.3 Dodging
 - Level 1.0 Stealth


You had 9 spell levels left.
You knew the following spells:

 Your Spells              Type           Power      Damage    Failure   Level
a - Passwall              Tmut/Erth      0%         N/A       82%         2

Your spell library contained the following spells:

 Spells                   Type           Power      Damage    Failure   Level
 Sting                    Tmut/Pois      0%         1d3       67%         1
 Ensorcelled Hibernation  Hex/Ice        0%         N/A       82%         2
 Poisonous Vapours        Pois/Air       0%         N/A       82%         2
 Swiftness                Air            0%         N/A       96%         3
 Tukima's Dance           Hex            0%         N/A       96%         3
 Olgreb's Toxic Radiance  Pois           0%         N/A       100%        4
 Passage of Golubria      Tloc           0%         N/A       100%        4
 Yara's Violent Unravell  Hex/Tmut       0%         3d3       100%        5
 Haunt                    Necr/Summ      0%         N/A       100%        7
 Infestation              Necr           0%         N/A       100%        8
 Animate Dead             Necr           Unusable   N/A       N/A         4

Dungeon Overview and Level Annotations

Branches:
Dungeon (9/15)             Temple (1/1) D:4            Lair (2/5) D:9
  Sewer (visited)         Volcano (visited)
  Swamp: Lair:2-3    Shoals: Lair:2-3     Snake: Lair:2-3    Spider: Lair:2-3
    Orc: D:9-12

Altars:
Dithmenos
Elyvilon
Fedhas
Gozag
Hepliaklqana
Kikubaaqudgha
Makhleb
Nemelex Xobeh
Qazlal
Ru
Sif Muna
Trog
Vehumet
Wu Jian
Xom
Yredelemnul

Shops:
D:1 :   D:6 !   D:7 *((   D:9 :

Annotations:
D:4 2 transporters


Innate Abilities, Weirdness & Mutations

You have a beak for a mouth.
You have claws for feet.
Your magical nature lets you fly swiftly and evasively.


Message History

Aim: a steam dragon (heavily wounded, catching its breath, 72% to hit)
You shoot an arrow.
The arrow barely misses the steam dragon.
The arrow hits the steam dragon.
The arrow freezes the steam dragon.
The steam dragon is lightly wounded.
The rime drake is distracted by your dazzling golden aura.
The rime drake bites you.
* * * LOW HITPOINT WARNING * * *
The rime drake bites you but does no damage.
The blink frog blinks!
The steam dragon closely misses you. The steam dragon barely misses you.
The steam dragon breathes steam at you.
The ball of steam hits the steam dragon.
The steam dragon resists.
The ball of steam misses you.
The rime drake hisses angrily.
You hear a roar!
Fire: a) +1 shortbow of Okawaru, Rescuing {freeze, +Blink rF++ rC- Str+3}
Press: ? - help, Q - select action, (/) - cycle Shift-Dir - straight line, f/p - steam dragon
Aim: a steam dragon (steam, heavily wounded, catching its breath, 72% to hit)
You shoot an arrow.
The arrow barely misses the steam dragon.
The rime drake is engulfed in a cloud of scalding steam.
The rime drake is distracted by your dazzling golden aura.
The rime drake is engulfed in a cloud of scalding steam.
The rime drake misses you.
The rime drake hisses angrily.
Fire: a) +1 shortbow of Okawaru, Rescuing {freeze, +Blink rF++ rC- Str+3}
Press: ? - help, Q - select action, (/) - cycle Shift-Dir - straight line, f/p - steam dragon
Aim: a steam dragon (steam, heavily wounded, catching its breath, 72% to hit)
You shoot an arrow. The arrow hits the steam dragon.
The arrow freezes the steam dragon.
The steam dragon is severely wounded.
The ice encasing you melts away. The steam dragon misses you.
The steam dragon closely misses you.
The rime drake is engulfed in a cloud of scalding steam.
The steam dragon barely misses you. The steam dragon misses you.
The rime drake is engulfed in a cloud of scalding steam.
The rime drake breathes ice at you. The icy flash freeze hits you!
You die...
Your body crumbles into a pile of gold.

... #... ......
♣♣P..... .♣
♣♣♣........
...♣♣♣♣♣......#...
......§kD§....#.#
..../.D$@#.....#
......§kDk.....#
§.......k...$..#
≈≈#...........## #
#.......^...#
#.....###..##
#.........##
#.....P..##
#.........##


You could see 4 rime drakes and 3 steam dragons.

Vanquished Creatures
  Fannar (Lair:1)
  Erica (D:8)
  4 two-headed ogres
  A centaur warrior (D:9)
  Amaemon (D:8)
  Pikel (D:8)
  An ugly thing (Volcano)
  An orange demon (D:8)
  An unseen horror (D:7)
  A kobold demonologist (D:9)
  A komodo dragon (Lair:1)
  3 rime drakes
  A troll (D:9)
  3 red devils (Volcano)
  Prince Ribbit (D:7)
  9 blink frogs
  Grinder (D:5)
  A vampire (D:9)
  A basilisk (Lair:1)
  12 yaks
  5 wyverns
  Grum (Lair:1)
  3 steam dragons
  5 water moccasins
  8 orc warriors (D:9)
  The ghost of bahustanut the Trooper, an amateur OgGl (D:3)
  2 sky beasts
  5 black bears
  2 wolves (Lair:1)
  A centaur (D:9)
  2 ogres
  3 phantoms
  A lemure (D:8)
  7 kobold brigands
  3 bullfrogs
  A gnoll sergeant (D:9)
  3 scorpions
  10 wights
  10 killer bees
  A howler monkey (D:9)
  3 jellies
  A centaur zombie (D:5)
  A hound (D:6)
  3 orc priests
  Crazy Yiuf (D:5)
  4 iguanas
  2 sleepcaps
  5 orc wizards
  A centaur simulacrum (D:5)
  A spectral howler monkey (D:5)
  4 adders
  2 river rats
  2 ufetubi
  An adder zombie (D:5)
  3 worms
  6 dart slugs
  14 orcs
  4 ball pythons
  6 endoplasms
  4 giant cockroaches
  4 goblins
  5 hobgoblins
  7 jackals
  5 quokkas
  5 bats
  2 frilled lizards
  18 kobolds
  9 rats
243 creatures vanquished.

Vanquished Creatures (others)
  An orc wizard (D:9)
1 creature vanquished.

Grand Total: 244 creatures vanquished

Notes
Turn   | Place    | Note
-------+----------+-------------------------------------------
     0 | D:1      | Edyrem the Tengu Hunter began the quest for the Orb.
     0 | D:1      | Reached XP level 1. HP: 12/12 MP: 2/2
    18 | D:1      | Found Woaselog's Book Emporium.
    88 | D:1      | Reached XP level 2. HP: 17/17 MP: 3/3
   281 | D:1      | Reached skill level 1 in Armour
   285 | D:1      | Reached XP level 3. HP: 20/21 MP: 4/4
   776 | D:2      | Reached skill level 5 in Ranged Weapons
   806 | D:2      | Found a stormy altar of Qazlal.
   893 | D:2      | Reached XP level 4. HP: 27/27 MP: 5/5
   975 | D:2      | Found a faded altar of an unknown god.
  1081 | D:3      | Noticed an ogre
  1248 | D:3      | Killed an ogre
  1249 | D:3      | Reached skill level 2 in Armour
  1249 | D:3      | Gained mutation: Your magical nature lets you fly swiftly
                  | and evasively. [Tengu growth]
  1249 | D:3      | Reached XP level 5. HP: 32/32 MP: 6/6
  1429 | D:3      | Found a sacrificial altar of Ru.
  1433 | D:3      | Found a runed translucent door.
  1443 | D:3      | Noticed bahustanut's ghost (amateur OgGl)
  1651 | D:3      | Found a runed translucent door.
  1701 | D:3      | Reached XP level 6. HP: 25/37 MP: 7/7
  1836 | D:3      | Killed bahustanut's ghost
  1939 | D:3      | Identified a scroll of acquirement
  1939 | D:3      | Acquired 1278 gold pieces
  2095 | D:4      | Reached skill level 3 in Armour
  2143 | D:4      | Found a transporter.
  2198 | D:4      | Found a transporter.
  2244 | D:4      | Found a staircase to the Ecumenical Temple.
  2252 | Temple   | Entered the Ecumenical Temple
  2257 | Temple   | Became a worshipper of Gozag Ym Sagoz the Greedy
  2275 | D:4      | Reached XP level 7. HP: 42/42 MP: 8/8
  2795 | D:4      | Found a bloodstained altar of Trog.
  2835 | D:5      | Entered Level 5 of the Dungeon
  2906 | D:5      | Noticed Grinder
  2926 | D:5      | Killed Grinder
  3036 | D:5      | Reached skill level 4 in Armour
  3036 | D:5      | Reached XP level 8. HP: 44/48 MP: 9/9
  3184 | D:5      | Reached skill level 5 in Dodging
  3225 | D:5      | Identified the +4 dagger "Erurghoc" {pain, rCorr Str+2}
  3580 | D:5      | Identified the +7 hammer of Lawetsau {chaos, rC+ Int+3}
  3586 | D:5      | Identified the +11 hammer of Pain and Death {venom, Str+2}
  3591 | D:5      | Found a runed translucent door.
  3592 | D:5      | Noticed Crazy Yiuf
  3630 | D:5      | Reached skill level 5 in Fighting
  3880 | D:5      | Killed Crazy Yiuf
  3977 | D:6      | Found a glowing drain.
  3993 | Sewer    | Entered a sewer
  4382 | Sewer    | Reached skill level 5 in Armour
  4415 | Sewer    | Found a white marble altar of Elyvilon.
  4569 | D:6      | Reached XP level 9. HP: 54/54 MP: 10/10
  4711 | D:6      | Found Jittod's Distillery.
  4735 | D:6      | Bought a potion of heal wounds for 70 gold pieces
  4735 | D:6      | Bought a potion of degeneration for 14 gold pieces
  4735 | D:6      | Bought a potion of experience for 700 gold pieces
  4735 | D:6      | Reached skill level 13 in Armour
  4735 | D:6      | Reached XP level 10. HP: 59/59 MP: 11/11
  4908 | D:6      | Found a basalt altar of Yredelemnul.
  5091 | D:7      | Found a burning altar of Makhleb.
  5112 | D:7      | Killed an unseen horror
  5263 | D:7      | Noticed Prince Ribbit
  5283 | D:7      | Killed Prince Ribbit
  5289 | D:7      | Found Reuh's Assorted Antiques.
  5436 | D:7      | Found Coshupnu's Weapon Shop.
  5449 | D:7      | Found Boeseu's Antique Weapon Emporium.
  5874 | D:8      | Found a sparkling altar of Nemelex Xobeh.
  5935 | D:8      | Noticed a two-headed ogre
  5981 | D:7      | Bought the +1 shortbow of Okawaru, Rescuing {freeze, +Blink
                  | rF++ rC- Str+3} for 494 gold pieces
  6195 | D:7      | Killed a two-headed ogre
  6196 | D:7      | Reached skill level 14 in Armour
  6559 | D:8      | Noticed Pikel
  6589 | D:8      | Killed Pikel
  6590 | D:8      | Reached skill level 10 in Ranged Weapons
  6703 | D:8      | Noticed Erica
  6717 | D:8      | Killed Erica
  6718 | D:8      | Reached XP level 11. HP: 62/64 MP: 12/12
  7002 | D:9      | Noticed Amaemon
  7044 | D:8      | Killed Amaemon
  7303 | D:9      | Noticed a two-headed ogre
  7318 | D:9      | Killed a two-headed ogre
  7428 | D:9      | Noticed a two-headed ogre
  7454 | D:9      | Killed a two-headed ogre
  7537 | D:9      | Found Baureemn's Book Emporium.
  7612 | D:9      | Noticed a two-headed ogre
  7644 | D:9      | Killed a two-headed ogre
  7710 | D:9      | Noticed a sun demon
  7854 | D:9      | Found a shimmering altar of Xom.
  7856 | D:9      | Found a shimmering altar of Xom.
  7856 | D:9      | Found a shimmering altar of Xom.
  7861 | D:9      | Found a shimmering altar of Xom.
  7863 | D:9      | Found a shimmering altar of Xom.
  7864 | D:9      | Found a shimmering altar of Xom.
  7865 | D:9      | Found a shimmering altar of Xom.
  8086 | D:9      | Found a staircase to the Lair.
  8158 | D:9      | Reached XP level 12. HP: 72/72 MP: 13/13
  8280 | D:9      | Noticed a centaur warrior
  8299 | D:9      | Killed a centaur warrior
  8518 | Lair:1   | Entered Level 1 of the Lair of Beasts
  8621 | Lair:1   | Noticed Grum
  8664 | Lair:1   | Killed Grum
  8848 | Lair:1   | Reached skill level 15 in Armour
  9096 | Lair:1   | Found a dark tunnel.
  9101 | Volcano  | Entered a volcano
  9175 | Volcano  | Learned a level 2 spell: Passwall
  9283 | Lair:1   | Noticed Fannar
  9300 | Lair:1   | Killed Fannar
  9851 | Lair:2   | Killed from afar by a rime drake

Illustrated notes

Levels and vault maps discovered:
D:1:      wheals_arrival_shading, layout_loops_ring, serial_shops, shop
D:2:      layout_rooms, basic_altar, ebering_ecumenical_altar_hall
D:3:      layout_rooms, hangedman_ru_absence, ebering_ghost_sewer_f
D:4:      gammafunk_steamed_eel, layout_cave_pods, trog_book,
          minmay_temple_entry_mini_moons, hex_large, grunt_decor_clamped
D:5:      layout_basic, dilly_guarded_unrand_morg, uniq_crazy_yiuf_cottage,
          uniq_grinder
D:6:      layout_cave_pools, lemuel_round_altar, serial_shops,
          nicolae_shop_temple_entry_statues_fountains,
          cheibrodos_sewer_entry_sluice
D:7:      layout_cave_pools, mainiacjoe_overflow_small_starburst, serial_shops,
          shop, nicolae_shop_stone, shop, minmay_misc_feat_four_crosses,
          minivault_25, uniq_prince_ribbit1
D:8:      layout_basic, amcnicky_altar_gilded, minivault_25, uniq_erica,
          uniq_pikel
D:9:      minmay_quarter_circles, layout_irregular_city,
          nicolae_xom_altar_mimics, grunt_lair_entry_orc_guard_hut,
          serial_shops, shop, uniq_amaemon
Temple:   hellmonk_temple_micro_hex
Lair:1:   layout_regular_city, nicolae_volcano_entry_s_turn, uniq_grum,
          uniq_fannar
Lair:2:   layout_hall_layers, palyth_hydra_swamp_entry,
          nicolae_spider_entry_tight_spaces, st_stairs_3,
          grunt_forest_small_clearings, bobbens_dragon_lair_wall

Skill      XL: |  1  2  3  4  5  6  7  8  9 10 11 12 |
---------------+-------------------------------------+-----
Armour         | 1 2 3 4 5 13 14 15 | 15.3
Ranged Weapons | 5 6 7 8 9 10 11 13 | 13.3
Dodging        | 3 4 5 6 8 9 |  9.3
Fighting       | 3 4 5 6 7 8 |  8.5
Stealth        | |  1.0

Action                     |  1- 3 |  4- 6 |  7- 9 | 10-12 || total
---------------------------+-------+-------+-------+-------++-------
  Melee: Dagger            |       |     9 |       |       ||     9
         Peck              |       |     3 |     5 |    15 ||    23
         Kick              |       |     3 |     3 |    22 ||    28
         Punch             |       |     1 |       |       ||     1
         Mace              |       |       |    15 |    59 ||    74
   Fire: Shortbow          |   107 |   106 |   196 |   756 ||  1165
  Throw: Dart              |       |       |       |     4 ||     4
  Evoke: Wand              |       |       |       |     1 ||     1
    Use: Scroll            |       |     7 |     6 |    14 ||    27
         Potion            |       |       |     2 |     2 ||     4
 Armour: Leather armour    |     8 |    13 |     3 |       ||    24
         Scale mail        |       |       |    24 |   229 ||   253
  Dodge: Dodged            |    32 |    33 |    70 |   486 ||   621

Table legend: (Time is in decaauts)
 A = Elapsed time spent in this place.
 B = Non-inter-level travel time spent in this place.
 C = Inter-level travel time spent in this place.
 D = Time resting spent in this place.
 E = Time spent auto-exploring this place.
 F = Levels seen in this place.
 G = Mean time per level.
                   A        B        C        D        E       F      G
               +--------+--------+--------+--------+--------+-----+--------+
         Total |   9307 |   8871 |    436 |    582 |   5035 |  14 |  664.8 |
       Dungeon |   7606 |   7216 |    390 |    301 |   4500 |   9 |  845.1 |
        Temple |     10 |     10 |      0 |      0 |      0 |   1 |   10.0 |
          Lair |   1084 |   1039 |     45 |     36 |    434 |   2 |  542.0 |
         Sewer |    471 |    471 |      0 |    232 |    100 |   1 |  471.0 |
       Volcano |    135 |    135 |      0 |     13 |      0 |   1 |  135.0 |
               +--------+--------+--------+--------+--------+-----+--------+

Top non-repeatable levels by time:
     D:9: 1377 daAuts
     D:5: 1055 daAuts
  Lair:1: 1012 daAuts
     D:7: 908 daAuts
     D:8: 894 daAuts
     D:4: 790 daAuts
     D:3: 716 daAuts
     D:1: 704 daAuts
     D:6: 637 daAuts
     D:2: 520 daAuts
   Sewer: 471 daAuts
 Volcano: 135 daAuts
  Lair:2: 71 daAuts
  Temple: 10 daAuts
